Map: Colonisation EC

Players

pitivier

  • Race: Zerg Zerg
  • League: Master

FireFly - Winner!

  • Race: Zerg Zerg
  • League: Master

VOD

Have the link to the VOD?

Description

Time

  • Played on: April 11, 2016, 3:21 p.m.
  • Length: 13:38
Show
View Real Time Build Order
Export as new Build Order

pitivier Zerg 

Build Orders: Pool First, Zergling Baneling 

Get SALT Encoding   

  12  0:01  Drone  
  13  0:12  Overlord  
  13  0:17  Drone  
  14  0:31  Drone x2  
  14  0:35  Drone  
  17  0:43  Extractor  
  17  0:46  Spawning Pool  
  15  1:00  Drone x2  
  17  1:18  Hatchery  
  16  1:23  Drone  
  17  1:36  Queen  
  19  1:42  Overlord  
  19  1:47  Metabolic Boost  
  19  1:54  Drone  
  20  1:55  Zergling x2  
  20  2:01  Zergling x2  
  22  2:06  Zergling x2  
  23  2:13  Baneling Nest  
  22  2:20  Zergling x2  
  23  2:27  Zergling x2  
  24  2:30  Queen  
  24  2:33  Zergling x2  
  27  2:54  Zergling x2  
  27  2:55  Zergling x10  
  32  3:11  Zergling x6  
  35  3:12  Baneling  
  35  3:13  Baneling x4  
  35  3:22  Zergling x2  
  30  3:42  Zergling x6  
  30  3:43  Zergling x6  
  30  3:57  Baneling x4  
  30  4:03  Zergling x8  
  31  4:31  Drone x6  
  35  4:52  Baneling x3  
  35  4:53  Baneling x3  
  35  4:55  Zergling x2  
  35  4:57  Overlord  
  32  5:30  Baneling  
  32  5:31  Baneling x2  
  32  5:32  Zergling x12  
  32  5:33  Zergling x12  
  41  5:36  Queen  
  43  5:51  Overlord  
  43  5:56  Lair  
  43  6:19  Zergling x2  
  43  6:20  Zergling x14  
  51  6:41  Extractor  
  51  6:42  Drone  
  51  6:43  Overlord x2  
  51  6:57  Spire  
  51  6:58  Drone  
  51  7:02  Hatchery  
  50  7:16  Drone x6  
  56  7:25  Extractor x2  
  39  7:50  Drone x6  
  45  8:03  Overlord  
  45  8:10  Baneling x2  
  45  8:11  Mutalisk x3  
  51  8:17  Mutalisk  
  53  8:27  Mutalisk  
  55  8:35  Drone x4  
  55  8:36  Drone  
  60  8:47  Mutalisk  
  60  8:48  Mutalisk  
  64  8:53  Spore Crawler  
  64  8:54  Drone  
  64  9:09  Overlord x2  
  64  9:17  Extractor  
  64  9:18  Extractor  
  59  9:27  Mutalisk x4  
  59  9:31  Drone x2  
  68  9:45  Mutalisk x2  
  68  9:48  Overlord x2  
  55  10:13  Mutalisk x2  
  55  10:14  Mutalisk x2  
  49  10:21  Zergling x10  
  57  10:27  Overlord  
  60  10:40  Baneling  
  60  10:41  Baneling x3  
  60  10:44  Overlord  
  60  10:45  Overlord  
  60  11:00  Overlord  
  60  11:10  Spine Crawler  
  59  11:12  Spine Crawler  
  59  11:15  Spore Crawler  
  57  11:20  Mutalisk x3  
  61  11:42  Drone x6  
  61  11:43  Drone  
  68  11:56  Zergling x8  
  72  12:01  Baneling  
  65  12:33  Overlord x3  
  63  12:56  Overlord x3  
  59  13:13  Overlord  
  59  13:14  Overlord  
Show
View Real Time Build Order
Export as new Build Order

FireFly Zerg - Winner!

Build Orders: Hatch First 

Get SALT Encoding   

  12  0:01  Drone  
  13  0:14  Overlord  
  13  0:18  Drone  
  14  0:33  Drone x2  
  16  0:37  Drone  
  17  0:53  Hatchery  
  16  0:58  Drone  
  17  1:10  Spawning Pool  
  16  1:12  Drone  
  16  1:15  Drone  
  18  1:19  Extractor  
  17  1:26  Drone  
  18  1:34  Drone  
  19  1:42  Overlord  
  19  1:56  Queen  
  19  2:01  Zergling x2  
  22  2:05  Queen  
  22  2:07  Drone x2  
  26  2:13  Drone  
  27  2:18  Drone  
  28  2:23  Metabolic Boost  
  28  2:25  Drone  
  28  2:29  Drone  
  30  2:36  Drone  
  31  2:43  Queen  
  33  2:48  Baneling Nest  
  32  2:56  Zergling x8  
  35  3:02  Spine Crawler  
  34  3:06  Overlord  
  34  3:19  Zergling x2  
  35  3:27  Overlord, Queen  
  35  3:28  Queen  
  35  3:29  Zergling x2  
  35  3:30  Zergling x2  
  41  3:40  Zergling x8  
  41  3:43  Zergling x2  
  37  3:49  Zergling x4  
  37  3:50  Zergling x2  
  37  3:53  Zergling x2  
  40  3:58  Baneling x3  
  40  3:59  Baneling  
  40  4:00  Baneling  
  37  4:17  Zergling x10  
  37  4:25  Zergling x2  
  39  4:31  Drone x2  
  39  4:33  Queen  
  39  4:34  Queen  
  44  4:38  Zergling x2  
  45  4:52  Drone x5  
  50  4:53  Drone  
  51  5:05  Drone  
  51  5:11  Overlord  
  50  5:27  Drone, Overlord  
  49  5:30  Overlord  
  49  5:33  Drone x3  
  49  5:34  Drone x4  
  55  5:41  Drone  
  56  5:42  Extractor  
  56  5:43  Extractor  
  56  5:45  Drone  
  55  5:55  Zergling x8  
  55  5:56  Lair  
  59  6:00  Drone  
  59  6:01  Drone x2  
  59  6:03  Extractor  
  61  6:05  Drone  
  61  6:06  Hatchery  
  61  6:07  Zergling x2  
  62  6:20  Drone  
  63  6:28  Zergling x4  
  63  6:29  Zergling x12  
  71  6:41  Zergling x4  
  71  6:42  Baneling x3  
  71  6:43  Baneling x3  
  73  6:52  Hatchery  
  72  6:55  Spire  
  72  6:59  Zergling x8  
  75  7:07  Overlord  
  75  7:17  Overlord  
  75  7:18  Overlord x4  
  75  7:26  Overlord  
  75  7:29  Overlord  
  61  7:50  Overlord  
  61  7:59  Overlord  
  61  8:02  Drone x7  
  68  8:13  Overlord  
  68  8:16  Mutalisk x6  
  80  8:25  Extractor  
  80  8:26  Extractor  
  78  8:31  Mutalisk  
  78  8:32  Mutalisk x5  
  90  8:35  Zerg Flyer Armor Level 1  
  90  8:38  Spore Crawler  
  90  8:39  Spore Crawler  
  88  8:42  Mutalisk  
  88  8:43  Spore Crawler x2  
  88  8:46  Overlord  
  88  8:51  Drone x3  
  91  9:01  Overlord  
  91  9:04  Drone  
  92  9:14  Mutalisk  
  92  9:15  Mutalisk x3  
  100  9:28  Zergling x14  
  107  9:36  Mutalisk x3  
  113  9:46  Drone x5  
  112  10:10  Mutalisk  
  112  10:11  Mutalisk x6  
  125  10:15  Zergling x6  
  126  10:32  Overlord  
  126  10:38  Zerg Flyer Weapons Level 1  
  126  10:41  Hatchery  
  125  10:44  Overlord  
  125  10:47  Drone  
  125  10:48  Drone x7  
  133  10:54  Zergling x10  
  138  11:01  Infestation Pit  
  137  11:09  Mutalisk x4  
  145  11:37  Mutalisk x9  
  163  11:48  Hive  
  163  11:54  Overlord  
  163  12:04  Queen  
  163  12:05  Drone x2  
  163  12:06  Drone x5  
  168  12:29  Overlord  
  164  12:36  Overlord  
  156  12:52  Extractor  
  156  12:54  Extractor  
  156  12:55  Overlord  
  154  13:04  Ultralisk Cavern  
  153  13:10  Evolution Chamber  
  153  13:11  Evolution Chamber  
  151  13:17  Overlord  
Tags
 
Add a new tag
Caveats
  • Supply blocks, unpowered buildings, or Contaminate may cause inaccurate times.
  • Supply counts are checked every 10 seconds.